 Dungeon Crawl Stone Soup version 0.22-a0-412-g2b68d14 (webtiles) character file.

67106 tilp the Impaler (level 15, -17/115 HPs)
             Began as a Merfolk Ice Elementalist on May 12, 2018.
             Was a High Priest of Makhleb.
             Demolished by a sun demon (20 damage)
             ... on level 13 of the Dungeon.
             The game lasted 02:02:05 (41821 turns).

tilp the Impaler (Merfolk Ice Elementalist)        Turns: 41821, Time: 02:02:05

Health: -17/115    AC: 15    Str: 10    XL:     15   Next: 22%
Magic:  7/25       EV: 17    Int: 29    God:    Makhleb [*****.]
Gold:   454        SH:  0    Dex: 14    Spells: 11/28 levels left

rFire    . . .     SeeInvis +   A - +2 halberd (elec)
rCold    + . .     Gourm    .   (shield currently unavailable)
rNeg     . . .     Faith    .   P - +0 ring mail of Love and Death {Regen+ Int+2}
rPois    .         Spirit   .   y - +1 helmet {SInv}
rElec    .         Reflect  .   Z - +2 cloak
rCorr    .         Harm     .   B - +2 pair of gloves
MR       +....                  p - +1 pair of boots {Stlth+}
Stlth    ++........             (no amulet)
HPRegen  0.69/turn              o - ring of protection from cold
MPRegen  0.19/turn              x - ring of Turraix {Int+7 SInv}

@: about to teleport
A: change form in water, swift swim, stealthy swim
a: Minor Destruction, Lesser Servant of Makhleb, Major Destruction, Greater
Servant of Makhleb, Renounce Religion


You were on level 13 of the Dungeon.
You worshipped Makhleb.
Makhleb was extremely pleased with you.
You were not hungry.

You visited 4 branches of the dungeon, and saw 22 of its levels.
You also visited: Sewer and Bailey.

You collected 2266 gold pieces.
You spent 1812 gold pieces at shops.

Inventory:

Hand Weapons
 a - a cursed -3 glaive
 A - a +2 halberd of electrocution (weapon)
 V - a +1 glaive
 W - a +3 scimitar of flaming
Missiles
 v - 3 javelins
 H - 80 tomahawks of returning (quivered)
Armour
 j - a +2 robe of magic resistance
 p - a +1 pair of boots of stealth (worn)
 y - a +1 helmet of see invisible (worn)
 B - a +2 pair of gloves (worn)
 N - a +1 helmet
 P - the +0 ring mail of Love and Death (worn) {Regen+ Int+2}
   (You found it on level 2 of the Lair of Beasts)

   It affects your intelligence (+2).
   It increases your rate of regeneration.
 U - a +2 robe of fire resistance
 Z - a +2 cloak (worn)
Jewellery
 d - an uncursed ring of positive energy
 o - a ring of protection from cold (left hand)
 x - the ring of Turraix (right hand) {Int+7 SInv}
   (You bought it in a shop on level 2 of the Orcish Mines)

   [ring of see invisible]

   It affects your intelligence (+7).
   It lets you see invisible.
 D - an uncursed ring of flight
 G - an uncursed ring of resist corrosion
Wands
 m - a wand of iceblast (15)
 w - a wand of flame (32)
 z - a wand of paralysis (4)
 C - a wand of polymorph (33)
 L - a wand of digging (13)
 O - a wand of acid (10)
 S - a wand of enslavement (29)
Scrolls
 b - 7 scrolls of fog
 e - 4 scrolls of amnesia
 f - 4 scrolls of teleportation
 h - 7 scrolls of remove curse
 i - 2 scrolls of torment
 k - 3 scrolls of magic mapping
 n - 5 scrolls of fear
 q - 3 scrolls of enchant weapon
 u - 2 scrolls of blinking
 I - a scroll of vulnerability
 R - a scroll of immolation
Potions
 g - a potion of resistance {unknown}
 l - a potion of berserk rage
 r - 16 potions of curing
 s - 3 potions of magic
 t - 6 potions of might
 E - 4 potions of agility
 F - 6 potions of mutation
 J - a potion of lignification {unknown}
 K - 3 potions of heal wounds
 M - 2 potions of flight
 Q - a potion of ambrosia
 T - 2 potions of brilliance {unknown}
Comestibles
 c - 30 rations
 X - 2 chunks of flesh


   Skills:
 - Level 10.0 Fighting
 - Level 16.0 Polearms
 + Level 13.5 Dodging
 - Level 2.1 Stealth
 - Level 7.0 Spellcasting
 - Level 4.0 Conjurations
 - Level 6.0 Charms
 - Level 16.0 Ice Magic
 - Level 6.0 Invocations
 - Level 4.0 Evocations


You had 11 spell levels left.
You knew the following spells:

 Your Spells              Type           Power        Failure   Level  Hunger
a - Freeze                Ice            ####         1%          1    None
b - Throw Frost           Conj/Ice       ######       1%          2    None
c - Ozocubu's Armour      Chrm/Ice       ######..     1%          3    None
d - Throw Icicle          Conj/Ice       ######..     2%          4    ##.....
e - Apportation           Tloc           ##....       13%         1    None
f - Ice Form              Ice/Tmut       ######..     4%          4    ##.....
g - Blink                 Tloc           N/A          21%         2    None

Your spell library contained the following spells:

 Spells                   Type           Power        Failure   Level  Hunger
 Magic Dart               Conj           ####         2%          1    None
 Teleport Other           Tloc           ##......     36%         3    None
 Summon Small Mammal      Summ           ##..         13%         1    None
 Iskenderun's Mystic Bla  Conj           ####....     26%         4    ##.....
 Animate Skeleton         Necr           N/A          13%         1    None
 Summon Ice Beast         Ice/Summ       ######..     4%          4    ##.....
 Spider Form              Tmut/Pois      ##........   36%         3    None
 Blade Hands              Tmut           ##........   98%         5    ####...
 Confusing Touch          Hex            ##....       13%         1    None
 Sticks to Snakes         Tmut           ##......     21%         2    None
 Passage of Golubria      Tloc           N/A          78%         4    ##.....
 Shroud of Golubria       Chrm/Tloc      ####......   6%          2    None
 Beastly Appendage        Tmut           ##....       13%         1    None
 Fulminant Prism          Conj/Hex       ###.......   50%         4    ##.....
 Dazzling Spray           Conj/Hex       ###...       17%         3    None
 Force Lance              Conj/Tloc      ###.....     50%         4    ##.....
 Searing Ray              Conj           ####..       3%          2    None
 Gell's Gravitas          Tloc           ##........   36%         3    None
 Lesser Beckoning         Tloc           ##........   36%         3    None


Dungeon Overview and Level Annotations

Branches:
Dungeon (13/15)            Temple (1/1) D:7            Lair (6/6) D:10
 Shoals (0/4) Lair:3       Spider (0/4) Lair:4        Slime (0/5) Lair:6
    Orc (2/2) D:11            Elf (0/3) Orc:2
 Vaults: D:13-14

Altars:
Ashenzari
Cheibriados
Dithmenos
Elyvilon
Fedhas
Gozag
Hepliaklqana
Kikubaaqudgha
Makhleb
Nemelex Xobeh
Okawaru
Qazlal
Ru
Sif Muna
Trog
Uskayaw
Vehumet
Wu Jian
Xom
Yredelemnul
Zin
The Shining One
Jiyva

Shops:
D:7 *   Orc:2 =(*[

Annotations:
D:11 Erolcha
Lair:6 !hell
Orc:1 orc warlord in side section
Orc:2 exclusion: upstairs


Message History

The sun demon misses you.
You hit the sun demon.
The sun demon is heavily wounded.
The sun demon hits you!
You are engulfed in flames!
Unknown command.
As you read the scroll of teleportation, it crumbles to dust.
You feel strangely unstable. The sun demon closely misses you.
You barely miss the sun demon.
The sun demon is heavily wounded.
The sun demon hits you!
* * * LOW HITPOINT WARNING * * *
You are engulfed in flames!!
* * * LOW HITPOINT WARNING * * *
Unknown command.
You feel much better. The sun demon hits you!
* * * LOW HITPOINT WARNING * * *
You are engulfed in flames!!
* * * LOW HITPOINT WARNING * * *
The sun demon hits you!!
You die...

#.# #.# #........# #.#
#.#########......### #.#
#................# # #.#
###########......# #.#
#...#.## #.# #.....#### #.#
###.#..... #.#
###########.#.#### #.#
#@333............. #.#
###########.#.#..# #.#
#.#.#..# #.#
###########.#.#..# #.#
#...........#.#..# #.#
##.#..........#### #.#
#.#.########.####
#.###########.#..............
#.............###############


You could see 3 sun demons.

Vanquished Creatures
  A dire elephant (Lair:6)
  An ettin (Orc:1)
  2 hydras
  3 centaur warriors (D:13)
  4 two-headed ogres
  A death knight (D:13)
  2 orc high priests
  A shock serpent (shapeshifter) (D:11)
  A fire crab (Lair:5)
  A death drake (shapeshifter) (D:13)
  A wizard (Lair:6)
  A lindwurm (Lair:4)
  5 orc knights
  An ugly thing (D:12)
  A cyclops (D:12)
  7 orc sorcerers
  A merfolk siren (Lair:3)
  Maurice (Orc:2)
  2 torpor snails
  2 black mambas
  13 spiny frogs
  4 rime drakes
  8 komodo dragons
  An efreet (D:13)
  2 red devils (D:12)
  A merfolk (Lair:3)
  9 trolls
  Grinder (D:6)
  A polar bear (Lair:3)
  2 hornets
  23 blink frogs
  8 slime creatures
  5 hippogriffs
  11 dream sheep
  Sigmund (D:2)
  55 yaks
  3 wyverns
  A steam dragon (D:13)
  3 basilisks
  4 wargs
  16 water moccasins
  32 orc warriors
  2 sky beasts
  10 porcupines
  2 hell hounds (Lair:6)
  4 black bears
  10 ogres
  4 ice beasts
  An eye of draining (D:13)
  14 centaurs
  26 wolves
  15 crocodiles
  A big kobold (D:8)
  25 bullfrogs
  A water moccasin zombie (D:11)
  5 scorpions
  A troll skeleton (D:10)
  3 killer bees (D:7)
  3 howler monkeys
  3 spriggan skeletons (D:10)
  5 wights (D:8)
  An electric eel (Lair:4)
  A quasit (D:9)
  8 crimson imps
  7 hounds
  14 orc priests
  A bullfrog skeleton (D:5)
  2 jellies
  26 orc wizards
  Crazy Yiuf (D:2)
  7 centaur skeletons
  2 iguanas
  4 worker ants
  A hound skeleton (D:6)
  A worker ant zombie (D:10)
  20 gnolls
  A howler monkey zombie (D:7)
  28 adders
  4 river rats (Sewer)
  3 shadow imps
  3 oozes
  An adder zombie (D:9)
  3 adder skeletons
  2 dart slugs
  8 leopard geckos
  68 orcs
  8 ball pythons
  5 giant cockroaches
  13 goblins
  19 hobgoblins
  4 jackals (D:10)
  9 quokkas
  7 bats
  6 frilled lizards
  A giant cockroach zombie (D:4)
  A jackal skeleton (D:5)
  24 kobolds
  A quokka skeleton (D:4)
  53 rats
  A fungus (Lair:6)
747 creatures vanquished.

Vanquished Creatures (collateral kills)
  A hydra (Lair:4)
  A catoblepas (Lair:6)
  A blink frog (Lair:2)
  A yak (Lair:5)
  A water moccasin (Lair:6)
  A hell hound (Lair:6)
  A wolf (Lair:6)
  A crocodile (Lair:5)
8 creatures vanquished.

Vanquished Creatures (others)
  A centaur skeleton (D:13)
  2 scorpions
  An orc priest (Orc:2)
  A quokka (D:6)
  12 fungi
  5 plants
22 creatures vanquished.

Grand Total: 777 creatures vanquished

Notes
Turn   | Place    | Note
-------+----------+-------------------------------------------
     0 | D:1      | tilp the Merfolk Ice Elementalist began the quest for the Orb.
     0 | D:1      | Reached XP level 1. HP: 13/13 MP: 3/3
   126 | D:1      | Reached XP level 2. HP: 16/19 MP: 0/5
   193 | D:1      | Learned a level 2 spell: Throw Frost
   517 | D:1      | Reached XP level 3. HP: 23/24 MP: 1/6
   525 | D:1      | Learned a level 3 spell: Ozocubu's Armour
   973 | D:1      | Reached skill level 5 in Ice Magic
  1502 | D:2      | Reached XP level 4. HP: 30/30 MP: 7/7
  2283 | D:2      | Noticed Sigmund
  2656 | D:2      | Reached XP level 5. HP: 34/35 MP: 8/8
  2834 | D:2      | Found a runed door.
  3961 | D:3      | Reached XP level 6. HP: 21/41 MP: 4/9
  4369 | D:3      | Reached skill level 1 in Fighting
  5056 | D:4      | Found a hide-covered altar of Uskayaw.
  5245 | D:4      | Found a hazy altar of Hepliaklqana.
  5272 | D:4      | Reached XP level 7. HP: 54/54 MP: 4/10
  5417 | D:4      | HP: 2/54 [orc wizard/puff of frost (5)]
  6698 | D:5      | Entered Level 5 of the Dungeon
  6705 | D:4      | Reached skill level 5 in Dodging
  6850 | D:5      | Found a glowing drain.
  6890 | Sewer    | Entered a sewer
  7695 | Sewer    | Reached XP level 8. HP: 39/60 MP: 0/11
  8051 | D:5      | Got a heavily runed leather armour
  8763 | D:5      | Identified the +1 leather armour of the Stag {Str+3} (You found it on level 5 of the Dungeon)
  9061 | D:6      | Noticed Grinder
  9388 | D:6      | Learned a level 1 spell: Apportation
  9562 | D:6      | Found a white marble altar of Elyvilon.
  9568 | D:6      | Paralysed by a crimson imp for 2 turns
  9571 | D:6      | Reached skill level 1 in Charms
  9893 | D:6      | Reached skill level 1 in Conjurations
 10350 | D:7      | Reached XP level 9. HP: 57/65 MP: 12/15
 10626 | D:7      | Found a staircase to the Ecumenical Temple.
 10644 | Temple   | Entered the Ecumenical Temple
 10703 | Temple   | Became a worshipper of Makhleb the Destroyer
 10778 | D:7      | Found Hipp's Assorted Antiques.
 10784 | D:7      | Bought a scroll of identify for 64 gold pieces
 10784 | D:7      | Bought a scroll of identify for 64 gold pieces
 11567 | D:8      | Reached skill level 10 in Ice Magic
 13155 | D:8      | Found a glowing golden altar of the Shining One.
 13300 | D:9      | Found a shimmering altar of Xom.
 13566 | D:8      | Reached XP level 10. HP: 65/72 MP: 3/16
 13698 | D:9      | Reached * piety under Makhleb
 13907 | D:9      | Reached skill level 1 in Invocations
 14199 | D:9      | Found a sacrificial altar of Ru.
 14666 | D:9      | Found an opulent altar of Gozag.
 14676 | D:9      | Found a snail-covered altar of Cheibriados.
 14687 | D:9      | Found a bloodstained altar of Trog.
 14980 | D:10     | Entered Level 10 of the Dungeon
 15227 | D:10     | Found a flagged portal.
 15240 | D:10     | Reached skill level 5 in Invocations
 15395 | Bailey   | Entered a bailey
 15687 | Bailey   | Reached ** piety under Makhleb
 16314 | D:10     | Noticed a two-headed ogre
 16601 | D:10     | Found a staircase to the Lair.
 16667 | D:10     | Reached skill level 5 in Polearms
 17994 | D:11     | Reached XP level 11. HP: 50/77 MP: 14/17
 18226 | D:11     | Noticed a fire crab
 18621 | D:11     | Got an ancient great sword
 18644 | D:11     | Reached *** piety under Makhleb
 18669 | D:11     | Noticed a six-headed hydra
 18688 | D:11     | Killed a six-headed hydra
 18688 | D:11     | Reached skill level 10 in Polearms
 18884 | D:11     | Noticed Erolcha
 19527 | D:11     | Found a staircase to the Orcish Mines.
 20179 | Lair:1   | Entered Level 1 of the Lair of Beasts
 21447 | Lair:1   | Learned a level 4 spell: Throw Icicle
 21722 | Lair:1   | Reached skill level 15 in Polearms
 22184 | Lair:2   | Reached XP level 12. HP: 77/83 MP: 14/18
 22864 | Lair:2   | Reached skill level 5 in Fighting
 23231 | Lair:2   | Got a translucent ring mail
 23989 | Lair:3   | Reached **** piety under Makhleb
 24353 | Lair:3   | Reached skill level 1 in Evocations
 25128 | Lair:3   | Found a staircase to the Shoals.
 25857 | Lair:4   | Found a hole to the Spider Nest.
 25891 | Lair:4   | Reached skill level 10 in Dodging
 26087 | Lair:4   | Noticed a four-headed hydra
 26098 | Lair:4   | Killed a four-headed hydra
 26098 | Lair:4   | Reached XP level 13. HP: 65/98 MP: 10/19
 27515 | Lair:5   | Reached skill level 5 in Spellcasting
 28231 | Lair:5   | Identified a scroll of acquirement
 28233 | Lair:5   | Got a heavily runed hat
 28244 | Lair:5   | Identified the +0 hat of the Unseen Realm {rC+} (You acquired it on level 5 of the Lair of Beasts)
 28713 | Lair:6   | Entered Level 6 of the Lair of Beasts
 29836 | Lair:5   | Reached ***** piety under Makhleb
 31001 | Lair:6   | Found a staircase to the Slime Pits.
 31001 | Lair:6   | Found a viscous altar of Jiyva.
 31509 | Lair:6   | Reached XP level 14. HP: 84/105 MP: 22/24
 31650 | Lair:6   | Got a jewelled helmet
 31669 | Lair:5   | Identified the +2 helmet "Alawil" {*Corrode +Blink rElec Str-3} (You found it on level 6 of the Lair of Beasts)
 32395 | Lair:6   | Noticed a dire elephant
 32404 | Lair:6   | Killed a dire elephant
 32455 | Lair:6   | Reached skill level 15 in Ice Magic
 32460 | Lair:6   | Found a burning altar of Makhleb.
 32805 | D:6      | Killed Grinder
 32962 | D:2      | Noticed Crazy Yiuf
 32963 | D:2      | Killed Crazy Yiuf
 33289 | D:2      | Killed Sigmund
 34342 | Orc:1    | Entered Level 1 of the Orcish Mines
 34697 | Orc:2    | Entered Level 2 of the Orcish Mines
 34701 | Orc:2    | Found Xax Syll's Antique Weapon Boutique.
 35025 | Orc:2    | Found Plog's Jewellery Shoppe.
 35599 | Orc:2    | Reached skill level 5 in Charms
 36237 | Orc:2    | Found a staircase to the Elven Halls.
 36240 | Orc:2    | Noticed Maurice
 36251 | Orc:2    | Killed Maurice
 37139 | Orc:2    | Noticed an orc warlord
 38049 | Orc:2    | Paralysed by an orc sorcerer for 2 turns
 38423 | Orc:2    | Found Nughinla's General Store.
 38735 | Orc:2    | Found Qaxyaggaext's Antique Armour Shoppe.
 38743 | Orc:2    | Bought a pair of glowing boots for 240 gold pieces
 38743 | Orc:2    | Bought a spiked helmet for 304 gold pieces
 38743 | Orc:2    | Bought a runed cloak for 240 gold pieces
 38759 | Orc:2    | Bought the ring of Turraix {Int+7 SInv} for 660 gold pieces
 38762 | Orc:2    | Identified the +8 great sword of Balebuc {slice, Dex+3} (You found it on level 11 of the Dungeon)
 38779 | Orc:2    | Identified the cursed -5 helmet "Lecle" {-Tele rPois Str+2} (You bought it in a shop on level 2 of the Orcish Mines)
 38829 | Orc:2    | Identified the cursed +0 ring mail of Love and Death {Regen+ Int+2} (You found it on level 2 of the Lair of Beasts)
 38864 | Orc:2    | Bought a shiny helmet for 240 gold pieces
 38938 | Orc:2    | Learned a level 4 spell: Ice Form
 39447 | D:12     | Paralysed by a hornet for 3 turns
 39910 | D:12     | Reached XP level 15. HP: 112/115 MP: 25/25
 40181 | D:13     | Reached skill level 10 in Fighting
 41269 | D:13     | Learned a level 2 spell: Blink
 41821 | D:13     | HP: 3/115 [sun demon (18)]
 41821 | D:13     | Demolished by a sun demon

Vault maps used:
D:1:      giann_wishing_wells, serial_forest, infiniplex_forest_clump_double,
          infiniplex_forest_clump_small, infiniplex_forest_straight_2,
          infiniplex_forest_diagonal, infiniplex_forest_lined_room_2
D:2:      uniq_sigmund, uniq_crazy_yiuf_cottage
D:4:      lemuel_crystal_altar, lemuel_doored_altar, serial_co_window_serial,
          co_window_paths_a, co_window_cross_1, co_window_corner_a,
          co_window_cross_1, co_window_paths_b, co_window_corner_b,
          co_window_broadway_b, co_window_paths_c, co_window_corner_b,
          co_window_corner_cb, first_ration, minmay_rat_hole
D:5:      serial_glass, glass_columns_b, glass_columns_b, glass_columns_b,
          gup_sewer_entry_pipe, interstate_on_off, kennysheep_small_spiral
D:6:      elyvilon_altar_4, uniq_grinder
D:7:      temple_green, serial_shops, nicolae_shop_waterfront
D:8:      tso_oasis_becter
D:9:      xom_confusion_cloud, kennysheep_little_box, overflow_temple_1_default,
          amethyst_overflow_temple_binary
D:10:     lair_entry_dummy, lightli_bailey_entry_fortress, grunt_ogre_cave,
          hangedman_tell_no_tales
D:11:     david_orc_1_choice, uniq_erolcha
D:12:     cheibrodos_quadrivalence
Temple:   cyrus_circular_temple
Lair:1:   lemuel_fruit_fields, grunt_megastairs_2
Lair:2:   serial_bayou_shore_b
Lair:3:   elwin_shoals_entry_stream, beast_lair_carwin_1, serial_bayou_shore_b
Lair:4:   dummy_spider_entry, nicolae_volcano_entry_vermiform,
          infiniplex_staircase_pool
Lair:5:   serial_bayou_shore_a, grunt_megastairs_3
Lair:6:   evil_forest, slime_altar_1
Orc:2:    grunt_orc_gardens, grunt_orc_garden, grunt_orc_garden,
          grunt_orc_garden, grunt_orc_garden, lab_entry_generic, uniq_maurice
Sewer:    sewer_minmay_w
Bailey:   bailey_axe_2, bailey

Skill      XL: |  1  2  3  4  5  6  7  8  9 10 11 12 13 14 15 |
---------------+----------------------------------------------+-----
Ice Magic      | 4 5 6 7 11 12 14 16 | 16.0
Fighting       | 4 8 9 10 | 10.0
Dodging        | 7 8 10 12 13 | 13.5
Spellcasting   | 4 7 |  7.0
Charms         | 3 6 |  6.0
Conjurations   | 2 4 |  4.0
Invocations    | 6 |  6.0
Polearms       | 8 15 16 | 16.0
Evocations     | 4 |  4.0
Stealth        | |  2.1

Action                   |  1- 3 |  4- 6 |  7- 9 | 10-12 | 13-15 || total
-------------------------+-------+-------+-------+-------+-------++-------
Melee: Mace              |     9 |       |       |       |       ||     9
       Unarmed           |     1 |       |       |       |    11 ||    12
       Dagger            |    19 |   113 |   408 |   170 |       ||   710
       Tailslap          |       |       |     8 |     1 |       ||     9
       Spear             |       |       |       |   414 |       ||   414
       Halberd           |       |       |       |   375 |  1246 ||  1621
Throw: Stone             |       |     2 |     1 |       |       ||     3
       Javelin           |       |       |     2 |       |       ||     2
       Tomahawk          |       |       |       |     8 |     5 ||    13
 Cast: Freeze            |    36 |    63 |   159 |   181 |    47 ||   486
       Throw Frost       |     1 |     9 |    44 |    54 |    15 ||   123
       Ozocubu's Armour  |     1 |     4 |    25 |    81 |    82 ||   193
       Apportation       |       |       |     5 |       |       ||     5
       Throw Icicle      |       |       |       |       |    54 ||    54
       Ice Form          |       |       |       |       |     2 ||     2
Invok: Minor Destruction |       |       |       |     6 |       ||     6
       Lesser Servant of |       |       |       |     2 |    15 ||    17
Evoke: Wand              |       |       |     1 |     6 |     1 ||     8
  Use: Scroll            |     1 |       |    12 |    10 |    10 ||    33
       Potion            |       |     2 |     5 |     4 |     4 ||    15
 Stab: Sleeping          |     3 |     7 |     7 |     5 |     5 ||    27
       Distracted        |       |     1 |       |     3 |       ||     4
       Paralysed         |       |       |     4 |    10 |       ||    14
  Eat: Chunk             |     2 |    11 |    18 |    35 |    43 ||   109
       Ration            |       |     1 |     4 |     4 |     4 ||    13
Armor: Robe              |    10 |    22 |    29 |       |       ||    61
       Leather armour    |       |       |    87 |   231 |   241 ||   559
       Ring mail         |       |       |       |       |    53 ||    53
       Skin              |       |       |       |       |     4 ||     4
Dodge: Dodged            |    42 |    87 |   386 |   703 |   958 ||  2176

Table legend:
 A = Spawn XP
 B = Non-spawn XP
 C = Spawn XP percentage of total XP
 D = Spawn monster count
 E = Non-spawn monster count
 F = Spawn count percentage of total count
 G = Total turns spent on level
                    A         B        C        D         E        F      G
               +---------+---------+-------+---------+---------+-------+---------
         Total |       0 |   95866 |   0.0 |       0 |     754 |   0.0 | 41821
               +---------+---------+-------+---------+---------+-------+---------
           D:1 |       0 |      72 |   0.0 |       0 |      31 |   0.0 |  1563
           D:2 |       0 |     380 |   0.0 |       0 |      24 |   0.0 |  2078
           D:3 |       0 |     284 |   0.0 |       0 |      34 |   0.0 |  1672
           D:4 |       0 |     442 |   0.0 |       0 |      39 |   0.0 |  1937
           D:5 |       0 |     453 |   0.0 |       0 |      18 |   0.0 |  1164
           D:6 |       0 |     900 |   0.0 |       0 |      19 |   0.0 |  1459
           D:7 |       0 |     935 |   0.0 |       0 |      16 |   0.0 |  1218
           D:8 |       0 |    1636 |   0.0 |       0 |      27 |   0.0 |  2157
           D:9 |       0 |    1151 |   0.0 |       0 |      16 |   0.0 |  1419
          D:10 |       0 |    2867 |   0.0 |       0 |      40 |   0.0 |  2753
          D:11 |       0 |    8714 |   0.0 |       0 |      48 |   0.0 |  2574
          D:12 |       0 |    4495 |   0.0 |       0 |      19 |   0.0 |  1218
          D:13 |       0 |    8714 |   0.0 |       0 |      39 |   0.0 |  1601
        Lair:1 |       0 |    4784 |   0.0 |       0 |      21 |   0.0 |  2029
        Lair:2 |       0 |    5205 |   0.0 |       0 |      24 |   0.0 |  1807
        Lair:3 |       0 |    6808 |   0.0 |       0 |      32 |   0.0 |  1926
        Lair:4 |       0 |    3376 |   0.0 |       0 |      16 |   0.0 |  1321
        Lair:5 |       0 |   10858 |   0.0 |       0 |      50 |   0.0 |  2613
        Lair:6 |       0 |   15755 |   0.0 |       0 |      64 |   0.0 |  2755
         Orc:1 |       0 |    9029 |   0.0 |       0 |      37 |   0.0 |  2318
         Orc:2 |       0 |    8232 |   0.0 |       0 |      58 |   0.0 |  2190
         Sewer |       0 |     424 |   0.0 |       0 |      48 |   0.0 |  1099
        Bailey |       0 |     352 |   0.0 |       0 |      34 |   0.0 |   879
               +---------+---------+-------+---------+---------+-------+---------
